 Dungeon Crawl Stone Soup version 0.30-a0-596-g0af90f9a20 (webtiles) character file.

Game seed: 1732272907268871248

1305 wormed the Stinger (level 8, -1/50 (58) HPs)
             Began as a Gnoll Venom Mage on Jan 7, 2023.
             Was an Initiate of Cheibriados.
             Slain by a wight
             ... wielding a +4 dire flail
              (13 damage)
             ... on level 8 of the Dungeon.
             The game lasted 00:09:51 (6196 turns).

wormed the Stinger (Gnoll Venom Mage)               Turns: 6196, Time: 00:09:52

HP:   -1/50 (58)    AC: 14    Str: 10    XL:     8   Next: 57%
MP:   17/17         EV: 14    Int: 15    God:    Cheibriados [......]
Gold: 557           SH:  0    Dex: 15    Spells: 13/19 levels left

rFire   . . .      SeeInvis .    l - +1 hand axe (drain)
rCold   . . .      Faith    .    (no shield)
rNeg    . . .      Spirit   .    a - +1 robe
rPois   .          Reflect  .    r - +1 helmet
rElec   .          Harm     .    n - +1 cloak
rCorr   .          Rampage  .    e - +1 Delatra's gloves {ID++}
Will    .....                    t - +0 pair of boots
Stlth   +++                      d - amulet of the acrobat
HPRegen 0.28/turn                o - +4 ring of protection
MPRegen 0.15/turn                (no ring)

@: heavily drained, very slow
A: fangs 1, strong nose, distributed training
a: Renounce Religion


You were on level 8 of the Dungeon.
You worshipped Cheibriados.
Cheibriados was noncommittal.
You visited 2 branches of the dungeon, and saw 9 of its levels.

You collected 557 gold pieces.

Inventory:

Hand Weapons
 l - a +1 hand axe of draining (weapon)
Missiles
 s - 8 poisoned darts
Armour
 a - a +1 robe (worn)
 e - the +1 Delatra's gloves (worn) {ID++}
   (You found it on level 4 of the Dungeon)

   It heals its wearer when they drink unknown potions.
   It restores its wearer's MP when they read unknown scrolls.
 n - a +1 cloak (worn)
 r - a +1 helmet (worn)
 t - a +0 pair of boots (worn)
Jewellery
 d - an amulet of the acrobat (around neck)
 o - a +4 ring of protection (left hand)
 H - a ring of positive energy
Wands
 u - a wand of iceblast (6)
 A - a wand of flame (38)
Scrolls
 g - 4 scrolls of poison
 j - a scroll of amnesia
 p - a scroll of summoning {unknown}
 v - a scroll of enchant weapon {unknown}
 w - 2 scrolls of blinking {unknown}
 x - 3 scrolls of noise {unknown}
 y - a scroll of enchant armour
 z - a scroll of teleportation
 B - a scroll of magic mapping
 C - 3 scrolls of identify
 D - a scroll of torment {unknown}
 F - a scroll of fear {unknown}
 I - a scroll of brand weapon {unknown}
Potions
 b - 2 potions of magic
 c - a potion of brilliance
 f - 2 potions of lignification
 h - 4 potions of degeneration
 i - 3 potions of might
 k - a potion of flight
 m - a potion of resistance {unknown}
 q - a potion of attraction {unknown}
 E - 2 potions of haste {unknown}
 G - a potion of mutation {unknown}


   Skills:
 + Level 3.5 Fighting
 + Level 3.5 Short Blades
 + Level 3.5 Long Blades
 + Level 3.5 Axes
 + Level 3.5 Maces & Flails
 + Level 3.5 Polearms
 + Level 3.5 Staves
 + Level 3.5 Ranged Weapons
 + Level 3.5 Throwing
 + Level 3.5 Armour
 + Level 5.8 Dodging
 + Level 5.5 Stealth
 + Level 3.5 Shields
 + Level 3.5 Unarmed Combat
 + Level 6.2 Spellcasting
 + Level 2.9 Conjurations
 + Level 2.9 Hexes
 + Level 2.9 Summonings
 + Level 2.9 Necromancy
 + Level 2.9 Translocations
 + Level 3.6 Transmutations
 + Level 2.9 Fire Magic
 + Level 2.9 Ice Magic
 + Level 2.9 Air Magic
 + Level 2.9 Earth Magic
 + Level 6.2 Poison Magic
 + Level 3.9 Invocations
 + Level 3.5 Evocations


You had 13 spell levels left.
You knew the following spells:

 Your Spells              Type           Power      Damage    Failure   Level
a - Poisonous Vapours     Pois/Air       36%        N/A       3%          2
b - Olgreb's Toxic Radia  Pois           23%        N/A       11%         4

Your spell library contained the following spells:

 Spells                   Type           Power      Damage    Failure   Level
 Sting                    Tmut/Pois      76%        1d6       1%          1
 Apportation              Tloc           26%        N/A       4%          1
 Necrotise                Necr           52%        1d6       4%          1
 Summon Small Mammal      Summ           52%        N/A       4%          1
 Mephitic Cloud           Conj/Pois/Air  16%        N/A       9%          3
 Dazzling Flash           Conj/Hex       26%        N/A       13%         3
 Vampiric Draining        Necr           13%        2d6       13%         3
 Agony                    Necr           13%        N/A       77%         5
 Silence                  Hex/Air        6%         N/A       77%         5


Dungeon Overview and Level Annotations

Branches:
Dungeon (8/15)             Temple (1/1) D:6
   Lair: D:8-11

Altars:
Cheibriados
Dithmenos
Elyvilon
Gozag
Hepliaklqana
Makhleb
Nemelex Xobeh
Ru
Sif Muna
Trog
Uskayaw
Wu Jian
Xom
Yredelemnul
The Shining One


Innate Abilities, Weirdness & Mutations

You have very sharp teeth.
Your uncanny sense of smell can sniff out nearby items.
Your experience applies equally to all skills.


Message History

You completely miss the wight.
The wight is heavily damaged.
The wight closely misses you.
You barely miss the wight.
The wight is heavily damaged.
The wight hits you with a +4 dire flail.
You feel drained.
You hit the wight but do no damage. You bite the wight, but do no damage.
The wight is heavily damaged.
The wight hits you with a +4 dire flail.
You feel drained. The wight closely misses you.
You hit the wight.
The wight is severely damaged.
The wight hits you with a +4 dire flail.
You feel drained.
You hit the wight. Your punch misses the wight.
The wight is severely damaged.
The wight barely misses you.
You hit the wight.
The wight is almost destroyed.
The wight completely misses you.
You hit the wight but do no damage.
The wight is almost destroyed.
The wight barely misses you.
You closely miss the wight.
The wight is severely damaged.
The wight hits you with a +4 dire flail!
You feel drained.
You hit the wight but do no damage.
The wight is severely damaged.
The wight hits you with a +4 dire flail!
* * * LOW HITPOINT WARNING * * *
You hit the wight. You bite the wight, but do no damage.
The wight is almost destroyed.
The wight completely misses you.
You hit the wight but do no damage.
The wight is almost destroyed.
The wight misses you.
The wight hits you with a +4 dire flail!
You die...

######### #.......#
#### #.!.....#
>...##.......#
..#..........#
.............+
#.......).# .
#z@.....#
....####.......#
∆.......'.......+
....####......(#
.#.. #........# #..
#.##.##.##
#.####.##.##.###+###
#...................
#.....###.##........


You could see a wight.

Vanquished Creatures
  Duvessa (D:4)
  A sky beast (D:6)
  A black bear (D:6)
  A phantom (D:6)
  A bullfrog (D:7)
  2 scorpions
  Dowan (D:4)
  An electric eel (D:7)
  A jelly (D:6)
  4 orc priests
  3 hounds
  5 iguanas
  2 orc wizards (D:6)
  Natasha (thrice) (D:4)
  5 adders
  4 gnolls (D:7)
  A white imp (D:7)
  2 worms (D:2)
  14 dart slugs
  9 orcs
  4 endoplasms
  2 giant cockroaches
  12 goblins
  5 hobgoblins
  2 kobolds
  5 quokkas
  9 ball pythons
  13 bats
  3 frilled lizards (D:2)
  3 rats
  A bush (D:4)
121 creatures vanquished.

Vanquished Creatures (others)
  6 plants (D:4)
6 creatures vanquished.

Grand Total: 127 creatures vanquished

Notes
Turn   | Place    | Note
-------+----------+-------------------------------------------
     0 | D:1      | wormed the Gnoll Venom Mage began the quest for the Orb.
     0 | D:1      | Reached XP level 1. HP: 13/13 MP: 6/6
   135 | D:1      | Reached XP level 2. HP: 18/19 MP: 2/7
   466 | D:1      | Reached skill level 5 in Spellcasting
   466 | D:1      | Reached XP level 3. HP: 24/25 MP: 1/9
   750 | D:2      | Reached skill level 1 in Invocations
   889 | D:2      | Reached skill level 1 in Fighting
   889 | D:2      | Reached skill level 1 in Short Blades
   889 | D:2      | Reached skill level 1 in Long Blades
   889 | D:2      | Reached skill level 1 in Axes
   889 | D:2      | Reached skill level 1 in Maces & Flails
   889 | D:2      | Reached skill level 1 in Polearms
   889 | D:2      | Reached skill level 1 in Staves
   889 | D:2      | Reached skill level 1 in Ranged Weapons
   889 | D:2      | Reached skill level 1 in Throwing
   889 | D:2      | Reached skill level 1 in Armour
   889 | D:2      | Reached skill level 1 in Shields
   889 | D:2      | Reached skill level 1 in Unarmed Combat
   889 | D:2      | Reached skill level 1 in Evocations
  1094 | D:2      | Reached XP level 4. HP: 24/32 MP: 3/11
  1574 | D:3      | Reached skill level 1 in Conjurations
  1574 | D:3      | Reached skill level 1 in Hexes
  1574 | D:3      | Reached skill level 1 in Summonings
  1574 | D:3      | Reached skill level 1 in Necromancy
  1574 | D:3      | Reached skill level 1 in Translocations
  1574 | D:3      | Reached skill level 1 in Fire Magic
  1574 | D:3      | Reached skill level 1 in Ice Magic
  1574 | D:3      | Reached skill level 1 in Air Magic
  1574 | D:3      | Reached skill level 1 in Earth Magic
  1875 | D:3      | Reached XP level 5. HP: 37/37 MP: 9/12
  2659 | D:4      | Found the +1 Delatra's gloves {ID++}
  2771 | D:4      | Noticed Natasha
  2787 | D:4      | Killed Natasha
  2938 | D:4      | Reached XP level 6. HP: 37/44 MP: 10/13
  3064 | D:4      | Noticed Dowan
  3069 | D:4      | Reached skill level 5 in Dodging
  3069 | D:4      | Noticed Duvessa
  3181 | D:4      | Noticed Natasha
  3187 | D:4      | Killed Natasha
  3384 | D:4      | Killed Duvessa
  3390 | D:4      | Killed Dowan
  3391 | D:4      | Reached XP level 7. HP: 40/51 MP: 1/15
  3636 | D:4      | Learned a level 2 spell: Poisonous Vapours
  3641 | D:4      | Learned a level 4 spell: Olgreb's Toxic Radiance
  3662 | D:4      | Noticed Natasha
  3673 | D:4      | Killed Natasha
  3891 | D:5      | Entered Level 5 of the Dungeon
  4020 | D:5      | Reached skill level 5 in Stealth
  4152 | D:5      | You fall into a shaft and drop 2 floors!
  4704 | D:6      | Reached XP level 8. HP: 58/58 MP: 6/16
  5346 | D:6      | Found a staircase to the Ecumenical Temple.
  5380 | Temple   | Entered the Ecumenical Temple
  5385 | Temple   | Became a worshipper of Cheibriados the Contemplative
  6196 | D:8      | Slain by a wight

Illustrated notes

Levels and vault maps discovered:
D:1:      erik_arrival_blinker_ship, layout_rooms
D:2:      layout_rooms, serial_curves, eino_curves_03, eino_curves_04
D:3:      layout_basic, minmay_goblin_outpost
D:4:      layout_loops_ring, serial_forest, infiniplex_forest_lined_room_2,
          infiniplex_forest_lined_room_2, infiniplex_forest_split,
          infiniplex_forest_clump_curved, infiniplex_forest_clump_tiny,
          infiniplex_forest_clump_small, infiniplex_forest_end_1,
          infiniplex_forest_diagonal, chequers_mini_garden, uniq_natasha,
          uniq_duvessa
D:5:      layout_basic, nicolae_vehumet_altar_sigil
D:6:      layout_basic, minmay_temple_entry_mist, serial_curves, eino_curves_01,
          eino_curves_03, eino_curves_01
D:7:      kennysheep_slugbush, layout_basic
D:8:      layout_basic, grunt_temple_overflow_forces_of_nature, uniq_amaemon,
          uniq_erica
Temple:   minmay_freezing_vapour_temple

Skill      XL: |  1  2  3  4  5  6  7  8 |
---------------+-------------------------+-----
Transmutations | 2 3 |  3.6
Spellcasting   | 5 6 |  6.2
Invocations    | 1 2 3 |  3.9
Fighting       | 1 2 3 |  3.5
Short Blades   | 1 2 3 |  3.5
Long Blades    | 1 2 3 |  3.5
Axes           | 1 2 3 |  3.5
Maces & Flails | 1 2 3 |  3.5
Polearms       | 1 2 3 |  3.5
Staves         | 1 2 3 |  3.5
Ranged Weapons | 1 2 3 |  3.5
Throwing       | 1 2 3 |  3.5
Armour         | 1 2 3 |  3.5
Shields        | 1 2 3 |  3.5
Unarmed Combat | 1 2 3 |  3.5
Evocations     | 1 2 3 |  3.5
Conjurations   | 1 2 |  2.9
Hexes          | 1 2 |  2.9
Summonings     | 1 2 |  2.9
Necromancy     | 1 2 |  2.9
Translocations | 1 2 |  2.9
Fire Magic     | 1 2 |  2.9
Ice Magic      | 1 2 |  2.9
Air Magic      | 1 2 |  2.9
Earth Magic    | 1 2 |  2.9
Dodging        | 5 |  5.8
Stealth        | 5 |  5.5
Poison Magic   | 6 |  6.2

Action                   |  1- 3 |  4- 6 |  7- 9 || total
-------------------------+-------+-------+-------++-------
Melee: Unarmed           |     6 |       |       ||     6
       Bite              |     1 |     1 |    28 ||    30
       Hand axe          |       |    38 |   169 ||   207
       Punch             |       |     1 |     4 ||     5
 Cast: Sting             |    66 |    89 |     4 ||   159
       Poisonous Vapours |       |       |    48 ||    48
       Olgreb's Toxic Ra |       |       |    10 ||    10
  Use: Scroll            |     5 |     8 |     3 ||    16
       Potion            |       |       |     1 ||     1
Armor: Robe              |     9 |    17 |    54 ||    80
Dodge: Dodged            |    43 |    55 |    82 ||   180

Table legend: (Time is in decaauts)
 A = Elapsed time spent in this place.
 B = Non-inter-level travel time spent in this place.
 C = Inter-level travel time spent in this place.
 D = Time resting spent in this place.
 E = Time spent auto-exploring this place.
 F = Levels seen in this place.
 G = Mean time per level.
                   A        B        C        D        E       F      G
               +--------+--------+--------+--------+--------+-----+--------+
         Total |   6401 |   6156 |    245 |      0 |   4975 |   9 |  711.2 |
       Dungeon |   6388 |   6143 |    245 |      0 |   4975 |   8 |  798.5 |
        Temple |     13 |     13 |      0 |      0 |      0 |   1 |   13.0 |
               +--------+--------+--------+--------+--------+-----+--------+

Top non-repeatable levels by time:
     D:4: 1259 daAuts
     D:6: 1093 daAuts
     D:3: 1083 daAuts
     D:7: 1048 daAuts
     D:2: 860 daAuts
     D:1: 715 daAuts
     D:5: 261 daAuts
     D:8: 65 daAuts
  Temple: 13 daAuts
